 Dungeon Crawl Stone Soup version 0.30.0-19-g36f170ea60 (webtiles) character file.

Game seed: 16227668496553650273

442 jasper the Ducker (level 6, -6/30 HPs)
             Began as a Spriggan Earth Elementalist on May 27, 2023.
             Mangled by an ogre
             ... wielding a +0 giant club
              (24 damage)
             ... on level 6 of the Dungeon.
             The game lasted 00:06:00 (2921 turns).

jasper the Ducker (Spriggan Earth Elementalist)     Turns: 2921, Time: 00:06:01

Health: -6/30      AC:  6    Str:  4    XL:     6   Next: 71%
Magic:  4/11       EV: 17    Int: 19    God:
Gold:   101        SH:  4    Dex: 15    Spells: 4/11 levels left

rFire   . . .        e - +1 mace
rCold   . . .        l - +0 buckler
rNeg    + . .        h - +0 robe {rN+}
rPois   .            (helmet restricted)
rElec   .            (no cloak)
rCorr   .            (gloves unavailable)
SInv    +            (boots unavailable)
Will    +....        (no amulet)
Stlth   ++           m - +4 ring of protection
HPRegen 0.25/turn    (no ring)
MPRegen 0.12/turn

%: no passive effects
@: on berserk cooldown, slowed, quick
A: very small, no large weapons, unfitting armour, see invisible, speed 3
a: no special abilities


You were on level 6 of the Dungeon.
You visited 1 branch of the dungeon, and saw 6 of its levels.

You collected 146 gold pieces.
You spent 45 gold pieces at shops.

Inventory:

Hand Weapons
 e - a +1 mace (weapon)
Armour
 a - a +0 robe
 f - an orb of guile
 h - a +0 robe of positive energy (worn)
 l - a +0 buckler (worn)
Jewellery
 m - a +4 ring of protection (left hand)
Scrolls
 c - a scroll of fog
 g - a scroll of noise
Potions
 b - a potion of magic
 d - a potion of might
 i - a potion of curing
 k - a potion of berserk rage
 n - a potion of degeneration


   Skills:
 - Level 2.0 Fighting
 - Level 4.3 Dodging
 - Level 3.0 Stealth
 + Level 2.2 Shields
 - Level 3.1 Spellcasting
 - Level 2.1 Conjurations
 - Level 1.3 Transmutations
 - Level 4.0 Earth Magic


You had 4 spell levels left.
You knew the following spells:

 Your Spells              Type           Power      Damage    Failure   Level
a - Sandblast             Erth           36%        2d10      5%          1
b - Passwall              Tmut/Erth      10%        N/A       14%         2
c - Apportation           Tloc           4%         N/A       28%         1
d - Stone Arrow           Conj/Erth      28%        3d8       24%         3

Your spell library contained the following spells:

 Spells                   Type           Power      Damage    Failure   Level
 Necrotise                Necr           8%         1d4       28%         1
 Summon Small Mammal      Summ           8%         N/A       28%         1
 Ensorcelled Hibernation  Hex/Ice        4%         N/A       41%         2
 Spider Form              Tmut/Pois      5%         N/A       54%         3
 Petrify                  Tmut/Erth      13%        N/A       67%         4
 Anguish                  Hex/Necr       1%         N/A       96%         4


Dungeon Overview and Level Annotations

Branches:
Dungeon (6/15)
 Temple: D:4-7

Altars:

Shops:
D:3 *

Annotations:
D:4 Blork the orc
D:5 Pikel


Innate Abilities, Weirdness & Mutations

You are very small and have problems with some larger weapons.
You are too small for most types of armour.
You have supernaturally acute eyesight. (SInv)
You cover ground extremely quickly. (Speed+++)


Message History

You block the kobold brigand's attack. The kobold brigand barely misses you.
You now have 6/11 mp.
Casting: Sandblast (safe; 5% risk of failure)
Confirm with . or Enter, or press ? or * to list all spells.
Aiming: Sandblast (safe; 5% risk of failure)
Press: ? - help, Shift-Dir - straight line, f/p - kobold brigand
Aim: a kobold brigand, wielding a +0 short sword and quivering curare-tipped darts (moderately wounded, 77% to hit)
The blast of sand hits the kobold brigand.
The kobold brigand is heavily wounded.
The kobold brigand completely misses you.
The kobold brigand hits you but does no damage.
Casting: Sandblast (safe; 5% risk of failure)
Confirm with . or Enter, or press ? or * to list all spells.
Aiming: Sandblast (safe; 5% risk of failure)
Press: ? - help, Shift-Dir - straight line, f/p - kobold brigand
Aim: a kobold brigand, wielding a +0 short sword and quivering curare-tipped darts (heavily wounded, 77% to hit)
The blast of sand hits the kobold brigand!
The kobold brigand is almost dead.
The kobold brigand hits you with a +0 short sword. x2
You take 4 damage, and have 17/30 hp.
You now have 5/11 mp.
Casting: Sandblast (safe; 5% risk of failure)
Confirm with . or Enter, or press ? or * to list all spells.
Aiming: Sandblast (safe; 5% risk of failure)
Press: ? - help, Shift-Dir - straight line, f/p - kobold brigand
Aim: a kobold brigand, wielding a +0 short sword and quivering curare-tipped darts (almost dead, 77% to hit)
The blast of sand hits the kobold brigand.
You kill the kobold brigand!
The ogre misses you.
Your Shields skill increases to level 2!
You now have 4/11 mp.
Casting: Sandblast (safe; 5% risk of failure)
Confirm with . or Enter, or press ? or * to list all spells.
Aiming: Sandblast (safe; 5% risk of failure)
Press: ? - help, Shift-Dir - straight line, f - ogre
Aim: an ogre, wielding a +0 giant club (91% to hit)
The blast of sand hits the ogre.
The ogre is lightly wounded.
The ogre hits you with a +0 giant club!!
Ouch! That really hurt!
You die...

## ##.# #..+ ####
#####..###..# ##
###K....##....##.#
#@OK....#.........
###.#.#.##........
#.#.#..#.#......
###......#....O.
##..h.......!.
####.........
#..........
#.........#
#.........#


You could see an ogre and 2 kobolds.

Vanquished Creatures
  Grinder (D:3)
  A kobold brigand (D:6)
  A howler monkey (D:6)
  A jelly (D:5)
  Natasha (D:2)
  2 adders
  A white imp (D:6)
  A worm (D:2)
  A dart slug (D:2)
  An orc (D:4)
  6 bats
  4 endoplasms
  3 giant cockroaches
  2 goblins
  5 hobgoblins
  3 jackals (D:3)
  5 quokkas
  8 ball pythons
  3 frilled lizards (D:2)
  4 kobolds
  6 rats
60 creatures vanquished.

Notes
Turn   | Place    | Note
-------+----------+-------------------------------------------
     0 | D:1      | jasper the Spriggan Earth Elementalist began the quest for
                  | the Orb.
     0 | D:1      | Reached XP level 1. HP: 9/9 MP: 5/5
   224 | D:1      | Reached XP level 2. HP: 14/14 MP: 4/7
   409 | D:1      | Learned a level 2 spell: Passwall
   411 | D:1      | Learned a level 1 spell: Apportation
   548 | D:1      | Found a faded altar of an unknown god.
   948 | D:2      | Reached skill level 1 in Fighting
  1206 | D:2      | Noticed Natasha
  1212 | D:2      | Killed Natasha
  1213 | D:2      | Reached XP level 3. HP: 8/18 MP: 2/8
  1217 | D:2      | Learned a level 3 spell: Stone Arrow
  1665 | D:2      | Reached XP level 4. HP: 23/23 MP: 6/9
  2001 | D:3      | Noticed Grinder
  2011 | D:3      | Killed Grinder
  2012 | D:3      | Reached XP level 5. HP: 17/26 MP: 0/10
  2012 | D:3      | Reached XP level 6. HP: 20/30 MP: 0/11
  2167 | D:3      | Found Bepti's General Store.
  2182 | D:3      | Bought a +0 buckler for 45 gold pieces
  2740 | D:4      | Noticed Blork the orc
  2761 | D:5      | Entered Level 5 of the Dungeon
  2771 | D:5      | Reached skill level 1 in Shields
  2865 | D:5      | Noticed Pikel
  2865 | D:5      | Noticed a yak
  2866 | D:5      | Noticed a troll
  2921 | D:6      | Mangled by an ogre

Illustrated notes

Levels and vault maps discovered:
D:1:      sevenhm_arrival_forest_fort_small_6, layout_basic,
          ebering_ecumenical_altar_hall, hangedman_decor_clover_reticule,
          minmay_shallow_snake_nest
D:2:      minmay_angry_zag, layout_loops_corners, uniq_natasha
D:3:      layout_basic, serial_shops, shop, uniq_grinder
D:4:      layout_gridville, mainiacjoe_overflow_24_doors, gup_sewer_entry_bowl,
          uniq_blork_the_orc
D:5:      cheibrodos_fzero, layout_basic, nicolae_overflow_crystal_walls,
          kennysheep_slug_shrine, chequers_serial_rivers_small_b, uniq_pikel
D:6:      layout_cave_pools, mainiacjoe_overflow_surrounded_room,
          kennysheep_mini, nicolae_shop_vocational, uniq_maggie

Skill      XL: |  1  2  3  4  5  6 |
---------------+-------------------+-----
Spellcasting   | 3 |  3.1
Dodging        | 4 |  4.3
Fighting       | 1 2 |  2.0
Conjurations   | 2 |  2.1
Earth Magic    | 4 |  4.0
Shields        | 2 |  2.2
Stealth        | |  3.0
Transmutations | |  1.3

Action                     |  1- 3 |  4- 6 || total
---------------------------+-------+-------++-------
  Melee: Mace              |       |     6 ||     6
   Cast: Sandblast         |    50 |    67 ||   117
    Use: Scroll            |     3 |     4 ||     7
         Potion            |       |     3 ||     3
 Armour: Robe              |     1 |     6 ||     7
  Dodge: Dodged            |     6 |    43 ||    49
  Block: Buckler           |       |     5 ||     5
